 Dungeon Crawl Stone Soup version 0.29.1-12-g30fa7ad0bf (webtiles) character file.

Game seed: 12091250832649589865

1724 javelincjr the Magician (level 9, -5/58 HPs)
             Began as a Djinni Conjurer on Dec 14, 2022.
             Was a Believer of Qazlal.
             Slain by an orc warrior
             ... wielding a +0 glaive
              (13 damage)
             ... on level 6 of the Dungeon.
             The game lasted 00:32:51 (7682 turns).

javelincjr the Magician (Djinni Conjurer)           Turns: 7682, Time: 00:32:52

Health: -5/58      AC: 21    Str: 16    XL:     9   Next: 25%
Gold:   204        EV:  8    Int: 29    God:    Qazlal [**....] SH:  2 Dex: 14

rFire   + + .      SeeInvis .   m - +2 spear (venom)
rCold   . . .      Faith    .   (no shield)
rNeg    . . .      Spirit   .   o - +11 chain mail of Erpho Jeng {*Slow Int+8}
rPois   ∞          Reflect  .   (no helmet)
rElec   .          Harm     .   (no cloak)
rCorr   .          Rampage  .   (no gloves)
Will    +....                   (boots unavailable)
Stlth   ..........              f - amulet of the acrobat
HPRegen 0.19/turn               h - ring "Kireliwn" {+Blink Will+ Str+6 Dex+3}
MPRegen 0.00/turn               n - ring of protection from cold

@: flying
A: sickness immunity, fire resistance 2, cold vulnerability 1, float, innate
caster, HP casting, extra vitality 1
a: Renounce Religion, Evoke Blink, Upheaval


You were on level 6 of the Dungeon.
You worshipped Qazlal.
Qazlal was pleased with you.
You visited 2 branches of the dungeon, and saw 7 of its levels.

You collected 204 gold pieces.

Inventory:

Hand Weapons
 e - a +0 short sword
 m - a +2 spear of venom (weapon)
 p - a +1 dagger of holy wrath
 v - the +6 war axe of the Unstoppable Tusks {freeze, Dex+2}
   (You found it on level 5 of the Dungeon)

   It freezes those it strikes, dealing additional cold damage.
   It can also slow down cold-blooded creatures.
   Dex:       It affects your dexterity (+2).
Missiles
 g - 8 poisoned darts
 j - 7 boomerangs
 u - 2 throwing nets
Armour
 a - a +0 robe
 o - the +11 chain mail of Erpho Jeng (worn) {*Slow Int+8}
   (You found it on level 4 of the Dungeon)

   Int:       It affects your intelligence (+8).
   *Slow:     It may slow you when you take damage.
 z - a +1 leather armour of cold resistance
Jewellery
 f - an amulet of the acrobat (around neck)
 h - the ring "Kireliwn" (left hand) {+Blink Will+ Str+6 Dex+3}
   (You found it on level 4 of the Dungeon)

   [ring of strength]

   Str:       It affects your strength (+6).
   Dex:       It affects your dexterity (+3).
   +Blink:    It lets you blink.
   Will:      It increases your willpower.
 n - a ring of protection from cold (right hand)
Wands
 t - a wand of flame (4)
 w - a wand of roots (8)
 y - a wand of quicksilver (6)
Scrolls
 i - a scroll of silence
 k - a scroll of amnesia {unknown}
 r - 3 scrolls of identify
 s - a scroll of enchant armour {unknown}
Potions
 b - a potion of resistance {unknown}
 c - 4 potions of heal wounds
 d - 4 potions of curing
 l - a potion of brilliance {unknown}
 q - a potion of attraction {unknown}
 x - a potion of magic {unknown}


   Skills:
 + Level 2.3 Fighting
 + Level 4.5 Polearms
 * Level 5.6 Armour
 + Level 3.8 Dodging
 + Level 2.8 Stealth
 * Level 5.7 Spellcasting


You couldn't memorise any spells.
You knew the following spells:

 Your Spells              Type           Power      Damage    Failure   Level
a - Magic Dart            Conj           100%       1d8       9%          1
b - Searing Ray           Conj           82%        2d7       12%         2
c - Dazzling Flash        Conj/Hex       82%        N/A       24%         3
d - Fulminant Prism       Conj/Hex       20%        3d13      63%         4
e - Iskenderun's Mystic   Conj/Tloc      41%        2d9       63%         4
f - Slow                  Hex            100%       N/A       9%          1
g - Static Discharge      Conj/Air       41%        3-9/arc   12%         2
h - Lesser Beckoning      Tloc           41%        N/A       24%         3
i - Petrify               Tmut/Erth      41%        N/A       63%         4
Your spell library was empty.

Dungeon Overview and Level Annotations

Branches:
Dungeon (6/15)             Temple (1/1) D:4

Altars:
Ashenzari
Dithmenos
Elyvilon
Fedhas
Gozag
Makhleb
Qazlal
Trog
Wu Jian
Xom
Yredelemnul
The Shining One


Innate Abilities, Weirdness & Mutations

You are immune to sickness and miasma.
You are immune to poison.
Your flesh is very heat resistant. (rF++)
You are vulnerable to cold. (rC-)
You float through the air rather than walking.
You learn spells naturally, not from books.
Your magical power is your life essence.
You have superior vitality. (+4 MHP)


Message History

Qazlal accepts your kill.
You can now call upon nature to destroy your foes.
An orc comes into view.
It is wielding a +0 falchion and quivering silver boomerangs.
The orc shouts!
The orc completely misses you.
The orc warrior hits you but does no damage.
Items here: ( )))))))))) [[[[[[ ††††.
You closely miss the orc warrior. The orc closely misses you.
The orc warrior barely misses you.
You closely miss the orc warrior. Your punch misses the orc warrior.
The orc hits you but does no damage. The orc warrior barely misses you.
The orc warrior barely misses you.
Items here: )))) [[[.
The orc throws a datura-tipped dart.
The datura-tipped dart completely misses you.
The orc misses you.
The orc warrior hits you from afar with a +0 glaive.
* * * LOW HITPOINT WARNING * * *
Items here: )))) [[[.
You hit the orc.
The orc is poisoned.
The orc is heavily wounded.
The orc hits you but does no damage.
The orc warrior hits you but does no damage.
You hit the orc.
The orc looks even sicker.
The orc is severely wounded.
You kill the orc!
Qazlal accepts your kill. You block the orc warrior's attack.
The orc throws a silver boomerang.
The silver boomerang completely misses you.
You feel better.
The orc warrior hits you but does no damage.
The orc warrior hits you with a +0 glaive!
* * * LOW HITPOINT WARNING * * *
You hit the orc warrior but do no damage.
The orc warrior is poisoned.
The orc warrior hits you but does no damage.
You closely miss the orc warrior.
The orc warrior hits you with a +0 glaive!
You die...

.....# #.#.# .....#
#.#.# +##### #.#.#
#.#.# #.#.# ###
#.#...# #.#..####
########## #........
o.....o..####@#.#####
.8..8..8..8##o#.#
oo)..o......#o# #
..o.o....o..)o#
............#.#
o8?.8..8..8####
.........###
##########


You could see an orc warrior (poisoned) and 2 orcs.

Vanquished Creatures
  Pikel (D:5)
  2 orc warriors (D:6)
  An ice beast (D:6)
  An ogre (D:6)
  A lemure (D:5)
  A necrophage (D:6)
  A howler monkey (D:6)
  2 orc priests
  2 gnoll boudas
  Jessica (D:3)
  An iguana (D:5)
  Natasha (twice) (D:3)
  5 orc wizards
  12 gnolls
  11 adders
  3 shadow imps
  3 white imps
  An ufetubus (D:6)
  A worm (D:4)
  5 dart slugs
  30 orcs
  3 ball pythons
  4 bats
  2 endoplasms (D:3)
  2 giant cockroaches (D:2)
  8 goblins
  12 hobgoblins
  6 jackals
  11 kobolds
  5 quokkas
  4 frilled lizards
  2 rats (D:2)
146 creatures vanquished.

Vanquished Creatures (others)
  An orc wizard (D:4)
1 creature vanquished.

Grand Total: 147 creatures vanquished

Notes
Turn   | Place    | Note
-------+----------+-------------------------------------------
     0 | D:1      | javelincjr the Djinni Conjurer began the quest for the Orb.
     0 | D:1      | javelincjr set off with the following spells memorised:
                  | Magic Dart, Searing Ray, Dazzling Flash, Fulminant Prism,
                  | Iskenderun's Mystic Blast.
     0 | D:1      | Reached XP level 1. HP: 15/15 MP: 0/0
   445 | D:1      | Reached XP level 2. HP: 19/21 MP: 0/0
   962 | D:1      | Found a faded altar of an unknown god.
  1357 | D:2      | Reached XP level 3. HP: 23/25 MP: 0/0
  1357 | D:2      | Learned a level 1 spell: Slow
  1877 | D:2      | Reached XP level 4. HP: 28/31 MP: 0/0
  2947 | D:3      | Noticed Jessica
  2954 | D:3      | Killed Jessica
  3041 | D:3      | Reached XP level 5. HP: 30/35 MP: 0/0
  3041 | D:3      | Learned a level 2 spell: Static Discharge
  3110 | D:3      | Noticed Natasha
  3117 | D:3      | Killed Natasha
  3530 | D:3      | Noticed Natasha
  3545 | D:3      | Killed Natasha
  3824 | D:3      | Reached XP level 6. HP: 35/41 MP: 0/0
  4077 | D:4      | Found a staircase to the Ecumenical Temple.
  4093 | Temple   | Entered the Ecumenical Temple
  4245 | Temple   | Became a worshipper of Qazlal Stormbringer
  4467 | D:4      | Reached skill level 5 in Spellcasting
  4816 | D:4      | Identified the ring "Kireliwn" {+Blink Will+ Str+6 Dex+3}
  4867 | D:4      | Identified the +11 chain mail of Erpho Jeng {*Slow Int+8}
  5652 | D:5      | Entered Level 5 of the Dungeon
  6130 | D:5      | Reached XP level 7. HP: 46/46 MP: 0/0
  6130 | D:5      | Learned a level 3 spell: Lesser Beckoning
  6174 | D:5      | Noticed Pikel
  6199 | D:5      | Killed Pikel
  6200 | D:5      | Reached skill level 1 in Fighting
  6200 | D:5      | Reached XP level 8. HP: 25/53 MP: 0/0
  6566 | D:5      | Identified the +6 war axe of the Unstoppable Tusks {freeze,
                  | Dex+2}
  6744 | D:5      | Found a bloodstained altar of Trog.
  6755 | D:5      | Reached * piety under Qazlal
  7444 | D:6      | Reached skill level 5 in Armour
  7548 | D:6      | Reached XP level 9. HP: 58/58 MP: 0/0
  7548 | D:6      | Learned a level 4 spell: Petrify
  7579 | D:6      | Found a runed translucent door.
  7668 | D:6      | Reached ** piety under Qazlal
  7682 | D:6      | Slain by an orc warrior

Illustrated notes

Levels and vault maps discovered:
D:1:      nicolae_arrival_somewhat_less_tricky_arrival, layout_loops_ring,
          nicolae_ecumenical_lake_church
D:2:      layout_basic, serial_aquarium, aquarium_bridge_straight
          [aquarium_subvault_bridge, aquarium_subvault_window,
          aquarium_subvault_bridge, aquarium_subvault_window],
          aquarium_bridge_square [aquarium_subvault_wall,
          aquarium_subvault_window, aquarium_subvault_bridge,
          aquarium_subvault_bridge], aquarium_window_corridor_1,
          aquarium_window_2, aquarium_window_fake, aquarium_window_corner,
          aquarium_view_2d, aquarium_pool_2
D:3:      layout_basic, uniq_natasha, uniq_jessica
D:4:      layout_basic, minmay_temple_entry_glass
D:5:      layout_loops_corners, trog_hazing_becter, uniq_pikel
D:6:      layout_basic, eino_small_chamber_without_monster,
          lightli_church_of_beogh
Temple:   minmay_temple_bridge_abc

Skill      XL: |  1  2  3  4  5  6  7  8 |
---------------+-------------------------+-----
Spellcasting   | 4 5 |  5.7
Stealth        | 2 |  2.8
Dodging        | 3 |  3.8
Fighting       | 1 2 |  2.3
Polearms       | 2 4 |  4.5
Armour         | 3 5 |  5.6

Action                   |  1- 3 |  4- 6 |  7- 9 || total
-------------------------+-------+-------+-------++-------
Melee: Unarmed           |     7 |       |       ||     7
       Short sword       |     7 |     6 |       ||    13
       Spear             |       |   101 |   155 ||   256
       Punch             |       |     3 |     2 ||     5
 Cast: Magic Dart        |    48 |    16 |     1 ||    65
       Searing Ray       |     4 |    19 |    12 ||    35
       Slow              |       |     6 |     1 ||     7
  Use: Scroll            |       |     5 |       ||     5
       Potion            |       |       |     1 ||     1
 Stab: Sleeping          |       |     1 |       ||     1
Armor: Robe              |    10 |     5 |       ||    15
       Chain mail        |       |    56 |    97 ||   153
Dodge: Dodged            |    24 |    46 |    87 ||   157
Block: Other             |       |       |     5 ||     5
